 Dungeon Crawl Stone Soup version 0.13-a0-2116-g5cefd36 (webtiles) character file.

127 Greenblue the Sneak (level 2, -1/19 (20) HPs)
             Began as a Vampire Wanderer on June 27, 2013.
             Rotted away (potion of mutation)
             ... on Level 2 of the Dungeon.
             The game lasted 00:03:40 (973 turns).

Greenblue the Sneak (Vampire Wanderer)               Turns: 973, Time: 00:03:41

HP  -1/19 (20)   AC  2     Str  9 (10) XL: 2   Next: 82%
MP   5/5         EV 11     Int 19      God:
Gold 102         SH  8     Dex 14      Spells:  1 memorised,  4 levels left

Res.Fire  : + . .   See Invis. : +   p - +3,+0 elf dagger
Res.Cold  : . . .   Warding    : .   c - +0 robe
Life Prot.: + . .   Conserve   : .   b - +0 buckler
Res.Poison: .       Res.Corr.  : .   (no helmet)
Res.Elec. : .       Clarity    : .   (no cloak)
Sust.Abil.: . .     Spirit.Shd : .   (no gloves)
Res.Mut.  : .       Stasis     : .   (no boots)
Res.Rott. : .       Flight     : .   (no amulet)
Saprovore : . . .                    d - ring of sustenance
                                     i - ring of protection from fire

@: brilliant, mildly poisoned, not resistant to hostile enchantments, stealthy
A: fangs 3, see invisible, unbreathing
a: no special abilities


You were on level 2 of the Dungeon.
You were not thirsty.

You visited 1 branch of the dungeon, and saw 2 of its levels.

You collected 52 gold pieces.

Inventory:

Hand weapons
 p - a +3,+0 elven dagger (weapon)
Armour
 b - a +0 buckler (worn)
 c - a +0 robe (worn)
Magical devices
 n - a wand of digging (10)
 r - a wand of polymorph (7)
Scrolls
 a - 2 scrolls of blinking
 f - 2 scrolls of identify
 g - a scroll of fog {unknown}
 l - 2 scrolls of remove curse {unknown}
 o - a scroll of enchant weapon I {unknown}
 q - a scroll of enchant weapon II {unknown}
Jewellery
 d - a ring of sustenance (right hand)
 i - a ring of protection from fire (left hand)
Potions
 e - a potion of blood
 k - a potion of mutation {unknown}
 m - a potion of degeneration {unknown}


   Skills:
 - Level 1.0 Fighting
 - Level 2.2 Short Blades
 - Level 1.1 Dodging
 + Level 3.8 Stealth
 - Level 1.7 Shields
 - Level 1.1 Unarmed Combat
 - Level 2.0 Spellcasting
   Level 1.1 Transmutations


You had 4 spell levels left.
You knew the following spells:

 Your Spells              Type           Power        Failure   Level  Hunger
a - Sting                 Conj/Pois      ##..         2%          1    #......


Dungeon Overview and Level Annotations

Branches:
Dungeon (2/27)

Altars:
Nemelex Xobeh


Innate Abilities, Weirdness & Mutations

You have razor-sharp teeth.
You have supernaturally acute eyesight.
You can survive without breathing.


Message History

The adder bites you.
You barely miss the adder.
The adder is heavily wounded.
You feel sick. The adder barely misses you.
You closely miss the adder.
The adder is heavily wounded.
You feel sick. The adder bites you.
You hit the adder.
The adder is severely wounded.
You feel sick. The adder bites you.
* * * LOW HITPOINT WARNING * * *
The adder misses you.
Drink which item? (? for menu, Esc to quit)
You feel extremely strange.
Your body decomposes!
* * * LOW HITPOINT WARNING * * *
Your body decomposes!
You feel weakened.
Your body decomposes!
You die...

#.( .######..# #.# .#
#.## #.# .# #. #?# .# #.
#.# .# ≈≈§#.
#.#####.##''##.
##.#............
#.......##.....#
#.@#.##.##.#...####
#...S.#.##.##.#.......
................#.#.####
###..#.##(##.#..#.#.#
#.....%.<.....#.#.####
#..#.................. .
.####.###......##### #
#. ###.#......# #
#.######.#


You could see an adder.

Vanquished Creatures
  An adder (D:2)
  3 bats
  4 goblins
  2 hobgoblins (D:2)
  2 giant cockroaches
  4 kobolds
16 creatures vanquished.

Notes
Turn   | Place    | Note
--------------------------------------------------------------
     0 | D:1      | Greenblue, the Vampire Wanderer, began the quest for the Orb.
     0 | D:1      | Reached XP level 1. HP: 14/14 MP: 3/3
     2 | D:1      | Noticed a draconian skeleton
     6 | D:1      | Noticed an elf skeleton
     7 | D:1      | Noticed a troll skeleton
    12 | D:1      | Noticed a troll skeleton
    14 | D:1      | Noticed a minotaur skeleton
    14 | D:1      | Noticed a troll skeleton
    16 | D:1      | Noticed a minotaur skeleton
    16 | D:1      | Noticed an ogre skeleton
    18 | D:1      | Noticed a draconian skeleton
    19 | D:1      | Noticed a felid skeleton
   180 | D:1      | Found a sparkling altar of Nemelex Xobeh.
   229 | D:1      | Reached skill level 1 in Short Blades
   535 | D:2      | Reached XP level 2. HP: 10/20 MP: 5/5
   973 | D:2      | Rotted away (potion of mutation)

Action                   || total
-------------------------++-------
Melee: Dagger            ||    88
Evoke: Wand              ||     3
  Use: Potion            ||     2
       Scroll            ||     1
 Stab: Sleeping          ||     2
